Map: King's Cove LE

Players

vriesvakje

  • Race: Zerg Zerg
  • League: Diamond
  • Spawn Location: 5:00

PeLLy - Winner!

  • Race: Zerg Zerg
  • League: Diamond
  • Spawn Location: 11:00

VOD

Have the link to the VOD?

Description

Time

  • Played on: Aug. 8, 2019, 5:40 p.m.
  • Length: 8:05
Show
View Real Time Build Order
Export as new Build Order

vriesvakje Zerg 

Build Orders: Hatch First, Zergling Baneling 

Get SALT Encoding   

  12  0:01  Drone  
  13  0:14  Overlord  
  13  0:18  Drone  
  14  0:32  Drone x2  
  16  0:36  Drone  
  17  0:55  Hatchery  
  17  0:56  Drone  
  17  1:00  Drone  
  18  1:10  Extractor  
  17  1:16  Spawning Pool  
  16  1:19  Drone  
  16  1:22  Drone  
  18  1:30  Drone  
  19  1:40  Overlord  
  19  2:10  Queen x2  
  23  2:16  Drone  
  23  2:17  Drone x3  
  23  2:21  Drone  
  28  2:32  Zergling x4  
  30  2:39  Zergling x2  
  31  2:45  Drone  
  32  2:54  Overlord x2  
  32  3:08  Baneling Nest  
  30  3:15  Drone x3  
  30  3:16  Drone  
  34  3:25  Zergling x4  
  36  3:30  Metabolic Boost  
  36  3:33  Drone  
  37  3:34  Drone x3  
  40  3:44  Roach Warren  
  40  3:46  Zergling x2  
  40  3:47  Zergling x6  
  43  3:54  Zergling x2  
  44  4:20  Baneling  
  44  4:21  Baneling x8  
  34  5:16  Roach x3  
  34  5:17  Roach x2  
  34  5:19  Overlord  
  34  5:20  Overlord x9  
  44  5:25  Extractor  
  43  5:29  Zergling x2  
  43  5:30  Zergling x2, Extractor  
  43  5:31  Extractor  
  43  5:51  Roach x5  
  43  5:56  Roach x2  
  57  6:05  Roach  
  57  6:06  Roach x3  
  65  6:17  Roach  
  65  6:18  Roach x4  
  75  6:27  Roach  
  75  6:28  Roach  
  75  6:31  Ravager  
  80  6:33  Zergling x2  
  80  6:34  Zergling x4  
  83  6:41  Hatchery  
  83  6:43  Ravager x2  
  85  6:52  Ravager  
  86  6:55  Zergling x12  
  92  7:09  Baneling x3  
  92  7:10  Zergling x4  
  92  7:11  Zergling x10  
  92  7:15  Roach  
  101  7:17  Baneling  
  101  7:18  Baneling x5  
  101  7:20  Roach  
  105  7:30  Roach x2  
Show
View Real Time Build Order
Export as new Build Order

PeLLy Zerg - Winner!

Build Orders: Hatch First 

Get SALT Encoding   

  12  0:00  Drone  
  13  0:14  Overlord  
  13  0:23  Drone  
  14  0:34  Drone x2  
  16  0:38  Drone  
  17  0:56  Hatchery  
  16  0:59  Drone  
  17  1:05  Drone  
  17  1:06  Extractor  
  17  1:18  Spawning Pool  
  17  1:21  Drone  
  17  1:29  Drone  
  17  1:30  Drone  
  19  1:41  Overlord  
  19  1:52  Drone  
  20  2:06  Queen  
  20  2:07  Queen  
  24  2:08  Zergling x2  
  24  2:09  Zergling x2  
  24  2:14  Zergling x2  
  27  2:19  Drone  
  28  2:24  Drone  
  28  2:29  Drone  
  30  2:38  Drone  
  31  2:50  Drone x2  
  33  3:09  Drone x3  
  33  3:11  Overlord  
  33  3:25  Baneling Nest  
  33  3:26  Hatchery  
  31  3:27  Drone x5  
  31  3:29  Overlord  
  31  3:31  Drone x2  
  38  3:41  Drone x2  
  39  3:43  Roach Warren  
  40  3:50  Evolution Chamber  
  39  3:58  Drone x6  
  45  4:04  Zergling x2  
  45  4:09  Spine Crawler  
  45  4:14  Evolution Chamber  
  44  4:17  Zergling x2  
  44  4:18  Zergling x2  
  44  4:21  Extractor x2  
  44  4:22  Lair  
  44  4:24  Zergling x2  
  44  4:30  Roach x3  
  51  4:31  Overlord  
  51  4:32  Overlord  
  51  4:39  Roach  
  46  4:57  Drone x5  
  51  5:00  Roach  
  53  5:12  Queen  
  56  5:14  Drone x5  
  60  5:29  Drone, Ravager  
  60  5:30  Drone x2  
  64  5:38  Roach x3  
  70  5:43  Drone x4  
  70  5:48  Glial Reconstitution  
  74  5:50  Zerg Missile Weapons Level 1  
  74  5:51  Zerg Melee Weapons Level 1  
  74  5:58  Overlord x4  
  76  6:18  Roach x5  
  76  6:19  Roach x5  
  94  6:30  Roach x5  
  104  6:34  Ravager x2  
  104  6:36  Overlord  
  106  6:41  Extractor  
  105  7:01  Roach x4  
  113  7:02  Overlord x3  
  113  7:18  Overlord x2  
  113  7:20  Queen  
  113  7:21  Roach x7  
  129  7:29  Roach, Extractor  
  130  7:30  Extractor  
  130  7:32  Roach x2  
Tags
 
Add a new tag
Caveats
  • Supply blocks, unpowered buildings, or Contaminate may cause inaccurate times.
  • Supply counts are checked every 10 seconds.